 Dungeon Crawl Stone Soup version 0.25-a0-482-g9b3b753f3f (webtiles) character file.

Game seed: 3545642072316001693, levelgen mode: deterministic

142 HawFromDerth the Skirmisher (level 5, -3/57 HPs)
             Began as an Ogre Berserker on Feb 10, 2020.
             Was a Believer of Trog.
             Splashed by a jelly's acid (8 damage)
             ... on level 3 of the Dungeon.
             The game lasted 00:06:53 (2285 turns).

HawFromDerth the Skirmisher (Ogre Berserker)        Turns: 2285, Time: 00:06:57

Health: -3/57      AC: -1    Str: 22    XL:     5   Next: 25%
Magic:  5/5        EV: 10    Int:  8    God:    Trog [**....]
Gold:   127        SH:  0    Dex:  8    Spells: 4/4 levels left

rFire    x . .     SeeInvis +   a - +0 falchion
rCold    + . .     Gourm    .   (no shield)
rNeg     . . .     Faith    .   b - +0 animal skin
rPois    .         Spirit   .   (helmet restricted)
rElec    .         Reflect  .   (no cloak)
rCorr    .         Harm     .   (gloves unavailable)
MR       .....                  (boots unavailable)
Stlth    +.........             (no amulet)
HPRegen  0.19/turn              e - ring of see invisible
MPRegen  0.09/turn              h - ring of ice

@: corroded
A: large, unfitting armour, tough skin 1
a: Berserk, Trog's Hand, Renounce Religion


You were on level 3 of the Dungeon.
You worshipped Trog.
Trog was pleased with you.
You were not hungry.

You visited 1 branch of the dungeon, and saw 3 of its levels.

You collected 127 gold pieces.

Inventory:

Hand Weapons
 a - a +0 falchion (weapon)
Armour
 b - a +0 animal skin (worn)
Jewellery
 e - a ring of see invisible (left hand)
 h - a ring of ice (right hand)
Scrolls
 g - a scroll of identify
 i - a scroll of blinking
Potions
 d - a potion of curing {unknown}
 f - a potion of berserk rage {unknown}
Comestibles
 c - 5 rations


   Skills:
 * Level 5.4 Fighting
 + Level 4.0 Long Blades
 + Level 3.3 Dodging
 - Level 0.3 Stealth


You had 4 spell levels left.
You didn't know any spells.
Your spell library was empty.

Dungeon Overview and Level Annotations

Branches:
Dungeon (3/15)

Altars:
Ashenzari
Elyvilon
Yredelemnul
Zin
The Shining One


Innate Abilities, Weirdness & Mutations

You are too large for most types of armour.
You have tough skin. (AC +1)


Message History

You slash the ooze!
You kill the ooze!
Trog accepts your kill. The jelly hits you.
You are splashed with acid!
* * * LOW HITPOINT WARNING * * *
You hit the jelly.
Your hands burn!
* * * LOW HITPOINT WARNING * * *
The jelly is moderately wounded.
The jelly misses you.
You slash the jelly!
Your hands burn!
* * * LOW HITPOINT WARNING * * *
The jelly is severely wounded.
The jelly barely misses you.
You hit the jelly but do no damage. The acid corrodes you!
Your hands burn!
* * * LOW HITPOINT WARNING * * *
The jelly is severely wounded.
The jelly hits you.
* * * LOW HITPOINT WARNING * * *
You are splashed with acid!
You die...

##.#### ......#
....#.#######################
...................(.....)>.#
.......###################..###
.......######## #....#
.......##.....J############.#(#
.......##÷....JJ##......###(.(#
.......##..÷.÷.#@#....)..##(..#
##+##+###PP.P.J#(#........))..#
#...÷JJ#.#........'......
#P.JPJ.#.#'#......'..####
#......#(#.#.....##..#
#÷..P.P#(#.#....###..#
#%.....##.####### #.## ### ..#
)##


You could see a jelly and 2 oozes.

Vanquished Creatures
  A jelly (D:3)
  2 adders
  7 oozes
  3 worms (D:2)
  3 dart slugs (D:1)
  A leopard gecko (D:1)
  A giant cockroach (D:2)
  4 goblins
  7 hobgoblins
  4 jackals (D:2)
  A quokka (D:3)
  A bat (D:1)
  A frilled lizard (D:2)
  11 kobolds
  3 rats
50 creatures vanquished.

Vanquished Creatures (others)
  3 fungi (D:3)
  7 toadstools (D:3)
10 creatures vanquished.

Grand Total: 60 creatures vanquished

Notes
Turn   | Place    | Note
-------+----------+-------------------------------------------
     0 | D:1      | HawFromDerth the Ogre Berserker began the quest for the
                  | Orb.
     0 | D:1      | Reached XP level 1. HP: 24/24 MP: 1/1
   114 | D:1      | Reached XP level 2. HP: 13/32 MP: 2/2
   515 | D:1      | Found a shattered altar of Ashenzari.
   784 | D:2      | Reached XP level 3. HP: 40/40 MP: 3/3
   942 | D:2      | Found a glowing golden altar of the Shining One.
   944 | D:2      | Noticed an angel
  1118 | D:2      | Found a white marble altar of Elyvilon.
  1173 | D:2      | Reached ** piety under Trog
  1399 | D:2      | Reached XP level 4. HP: 42/49 MP: 4/4
  1513 | D:2      | Found a glowing silver altar of Zin.
  1722 | D:2      | Found a basalt altar of Yredelemnul.
  1724 | D:2      | Noticed a profane servitor
  1927 | D:3      | Reached skill level 5 in Fighting
  2268 | D:3      | Reached XP level 5. HP: 29/57 MP: 5/5
  2285 | D:3      | Splashed by a jelly's acid

Levels and vault maps discovered:
D:1:      lemuel_arrival_lava_pool, layout_rooms, minmay_hedge_maze,
          ashenzari_altar_1
D:2:      layout_loops_ring, grunt_temple_overflow_holy_war, elyvilon_altar_5,
          zin_statuary
D:3:      cheibrodos_fertilizer, layout_basic, first_ration,
          gup_sewer_entry_spiral

Skill      XL: |  1  2  3  4 |
---------------+-------------+-----
Long Blades    | 3 4 |  4.0
Dodging        | 3 |  3.3
Fighting       | 5 |  5.4
Stealth        | |  0.3

Action                   |  1- 3 |  4- 6 || total
-------------------------+-------+-------++-------
Melee: Falchion          |    97 |    70 ||   167
  Use: Scroll            |     2 |     5 ||     7
       Potion            |     1 |       ||     1
 Stab: Invisible         |     2 |       ||     2
  Eat: Chunk             |     2 |       ||     2
       Ration            |       |     1 ||     1
Armor: Animal skin       |    14 |    13 ||    27
Dodge: Dodged            |    52 |    44 ||    96
       Rpst.: Falchion   |    15 |    12 ||    27

Table legend:
 A = Non-vault XP
 B = Vault XP
 C = Vault XP percentage of total XP
 D = Non-vault monster count
 E = Vault monster count
 F = Vault count percentage of total count
                 A         B        C        D         E       F
            +---------+---------+-------+---------+---------+-------
      Total |     105 |      99 |  48.5 |      35 |      15 |  30.0
            +---------+---------+-------+---------+---------+-------
        D:1 |      23 |       0 |   0.0 |       9 |       0 |   0.0
        D:2 |      65 |       0 |   0.0 |      23 |       0 |   0.0
        D:3 |      17 |      99 |  85.3 |       3 |      15 |  83.3
            +---------+---------+-------+---------+---------+-------
